 Dungeon Crawl Stone Soup version 0.30-a0-782-ge64f9170bb (webtiles) character file.

Game seed: 16679070458746946536

3559 funkygono the Cleaver (level 9, -13/81 HPs)
             Began as a Minotaur Fighter on Mar 15, 2023.
             Mangled by an orc warlord
             ... wielding a +4 broad axe
              (17 damage)
             ... in a bailey.
             The game lasted 00:13:53 (6244 turns).

funkygono the Cleaver (Minotaur Fighter)            Turns: 6244, Time: 00:13:54

Health: -13/81     AC: 17    Str: 26    XL:     9   Next: 83%
Magic:  8/8        EV:  8    Int:  5    God:
Gold:   450        SH:  5    Dex:  9    Spells: 8/8 levels left

rFire   + + .      SeeInvis .    a - +0 war axe
rCold   + . .      Faith    .    c - +0 buckler
rNeg    . . .      Spirit   .    m - +1 plate armour "Soidgh" {rPois rF+ rC+ Will-}
rPois   +          Reflect  .    (helmet restricted)
rElec   .          Harm     .    j - +1 cloak
rCorr   .          Rampage  .    (no gloves)
Will    .....                    (no boots) Stlth
                                 (no amulet)
HPRegen 0.33/turn                (no ring)
MPRegen 0.11/turn                (no ring)

@: mighty, invisible
A: horns 2, retaliatory headbutt, fire resistance 1
a: no special abilities


You were in a bailey.
You visited 1 branch of the dungeon, and saw 7 of its levels.
You also visited: Sewer and Bailey.

You collected 450 gold pieces.

Inventory:

Hand Weapons
 a - a +0 war axe (weapon)
Missiles
 b - 2 boomerangs of dispersal (quivered)
 k - 10 boomerangs
 o - 9 poisoned darts
Armour
 c - a +0 buckler (worn)
 j - a +1 cloak (worn)
 m - the +1 plate armour "Soidgh" (worn) {rPois rF+ rC+ Will-}
   (You found it in a sewer)

   rF:        It protects you from fire.
   rC:        It protects you from cold.
   rPois:     It protects you from poison.
   Will:      It decreases your willpower.
 r - a +0 chain mail
 s - the +0 ring mail of the Slightly Bent {+Blink Dex+3}
   (You found it on level 5 of the Dungeon)

   Dex:       It affects your dexterity (+3).
   +Blink:    It lets you blink.
Scrolls
 f - 2 scrolls of fear
 h - 7 scrolls of identify
 i - 6 scrolls of teleportation
 p - 2 scrolls of fog
 u - a scroll of poison
 v - a scroll of enchant armour
 w - 2 scrolls of enchant weapon {unknown}
Potions
 d - 3 potions of might
 e - 2 potions of brilliance
 g - 3 potions of haste
 l - 4 potions of flight
 n - 2 potions of attraction
 q - 2 potions of lignification
 t - a potion of invisibility


   Skills:
 + Level 7.9 Fighting
 + Level 11.6 Axes
 + Level 0.2 Throwing
 + Level 8.9 Armour
 + Level 2.7 Dodging
 + Level 0.8 Stealth
 + Level 6.3 Shields


You had 8 spell levels left.
You didn't know any spells.
Your spell library contained the following spells:

 Spells                   Type           Power      Damage    Failure   Level
 Apportation              Tloc           0%         N/A       100%        1
 Necrotise                Necr           0%         1d4       100%        1
 Summon Small Mammal      Summ           0%         N/A       100%        1
 Blink                    Tloc           0%         N/A       100%        2
 Lesser Beckoning         Tloc           0%         N/A       100%        2
 Momentum Strike          Conj/Tloc      0%         3d8       100%        2
 Ozocubu's Armour         Ice            0%         N/A       100%        3
 Alistair's Intoxication  Tmut/Pois      0%         N/A       100%        5
 Iskenderun's Battlesphe  Conj           0%         2d6       100%        5
 Iron Shot                Conj/Erth      0%         9d1       100%        6
 Ozocubu's Refrigeration  Ice            0%         4d7       100%        7
 Spellforged Servitor     Conj/Summ      0%         N/A       100%        7


Dungeon Overview and Level Annotations

Branches:
Dungeon (7/15)             Temple (0/1) D:7           Sewer (visited)
 Bailey (1/1)

Altars:
Cheibriados
Gozag
Qazlal

Shops:
D:1 (

Annotations:
D:3 3 runed translucent doors, jazmu's ghost, weakling GrHu


Innate Abilities, Weirdness & Mutations

You have a pair of horns on your head.
You reflexively headbutt those who attack you in melee.
Your flesh is heat resistant. (rF+)


Message History

You hit the orc warlord but do no damage.
The orc warlord hits you with a +4 broad axe!!
The orc warrior hits you but does no damage.
You slash the orc warlord!
The orc warlord is lightly wounded.
You slash the orc warrior!
You kill the orc warrior!
The orc warlord barely misses you.
You slash the orc warlord! You headbutt the orc warlord!
The orc warlord is moderately wounded.
You hit the orc. The orc hits you but does no damage.
The orc warlord hits you with a +4 broad axe!
You slash the orc warlord!
The orc warlord is moderately wounded.
You closely miss the orc. The orc hits you but does no damage.
The orc warlord hits you with a +4 broad axe!
* * * LOW HITPOINT WARNING * * *
You barely miss the orc warlord.
The orc warlord is moderately wounded.
You completely miss the orc. You barely miss the orc warlord.
The orc warlord is moderately wounded.
You slash the orc!
You kill the orc!
The orc warlord hits you with a +4 broad axe.
* * * LOW HITPOINT WARNING * * *
It was a potion of invisibility.
You fade into invisibility!
The orc warlord completely misses you. You furiously retaliate!
You headbutt the orc warlord! You slice the orc warlord!!
You headbutt the orc warlord, but do no damage.
The orc warlord is heavily wounded.
The orc warlord hits you with a +4 broad axe!
* * * LOW HITPOINT WARNING * * *
An orc warrior comes into view. It is wielding a +0 broad axe.
You closely miss the orc warlord.
The orc warlord is heavily wounded.
The orc warlord hits you with a +4 broad axe!
You die...

..⌠....)#.....⌠.....#
........#...........#
........#....)......#
.......###.......).###
.....###.###.....#)#.###
##.###
...###.###))...### .###
..og ###.........## ..#
..o.. #8..........# ..#
....o.#8@.........# ..#
......')o...⌠....∩# ..#
......#8..........# ..#
.o... #8..........# .##
.... ##.........## ##
... ###.....### .#
#+#.### ###


You could see an orc warlord (unable to see you) and an orc warrior (wandering,
strong, unable to see you).

Vanquished Creatures
  Sigmund (D:6)
  4 yaks (D:7)
  Menkaure (D:6)
  8 orc warriors (Bailey)
  An ice beast (D:5)
  2 black bears (D:6)
  An ogre (D:4)
  2 centaurs
  3 phantoms
  A bullfrog (D:6)
  A gnoll sergeant (D:7)
  3 scorpions
  A howler monkey (D:6)
  3 hounds
  An orc priest (D:6)
  Crazy Yiuf (D:2)
  A gnoll bouda (D:7)
  2 iguanas
  5 orc wizards (D:6)
  A sickly merfolk siren (Sewer)
  A malarious merfolk avatar (Sewer)
  Robin (D:2)
  13 gnolls
  10 adders
  2 river rats (Sewer)
  A shadow imp (D:7)
  A white imp (D:6)
  An ufetubus (D:6)
  A worm (D:5)
  5 dart slugs
  16 orcs
  7 endoplasms
  7 giant cockroaches
  29 goblins
  10 hobgoblins
  15 jackals
  5 kobolds
  5 quokkas
  5 ball pythons
  3 bats
  9 frilled lizards
  27 rats
217 creatures vanquished.

Vanquished Creatures (others)
  10 demonic plants (D:1)
  6 fungi (D:1)
  11 plants (D:1)
  5 withered plants (D:1)
32 creatures vanquished.

Grand Total: 249 creatures vanquished

Notes
Turn   | Place    | Note
-------+----------+-------------------------------------------
     0 | D:1      | funkygono the Minotaur Fighter began the quest for the Orb.
     0 | D:1      | Reached XP level 1. HP: 19/19 MP: 0/0
   128 | D:1      | Found Tuil's Antique Weapon Shoppe.
   259 | D:1      | Reached XP level 2. HP: 26/27 MP: 1/1
   323 | D:1      | Found a faded altar of an unknown god.
   845 | D:2      | Reached XP level 3. HP: 22/33 MP: 2/2
   929 | D:2      | Noticed Robin
   959 | D:2      | Killed Robin
   960 | D:2      | Reached skill level 3 in Axes
  1052 | D:2      | Found a runed translucent door.
  1053 | D:2      | Noticed Crazy Yiuf
  1190 | D:2      | Reached XP level 4. HP: 40/40 MP: 3/3
  1294 | D:2      | Killed Crazy Yiuf
  1298 | D:2      | Gained mutation: Your flesh is heat resistant. (rF+)
                  | [potion of mutation]
  1298 | D:2      | HP: 1/40 [poisoned by Crazy Yiuf]
  1570 | D:3      | Found a runed translucent gate.
  1570 | D:3      | Found a runed translucent gate.
  1570 | D:3      | Found a runed translucent gate.
  1572 | D:3      | Found an opulent altar of Gozag.
  1586 | D:3      | Noticed jazmu's ghost (weakling GrHu)
  1586 | D:3      | Noticed a necrophage
  1765 | D:3      | Reached skill level 4 in Axes
  1770 | D:3      | Reached XP level 5. HP: 36/47 MP: 4/4
  2065 | D:4      | Noticed a phantom
  2093 | D:4      | Killed a phantom
  2094 | D:4      | Reached skill level 5 in Axes
  2094 | D:4      | Reached skill level 5 in Armour
  2294 | D:4      | Reached XP level 6. HP: 51/53 MP: 5/5
  2329 | D:4      | You fall into a shaft and drop 2 floors!
  2435 | D:6      | Reached skill level 1 in Dodging
  2491 | D:6      | Noticed Menkaure
  2494 | D:6      | Killed Menkaure
  2495 | D:6      | Reached skill level 6 in Axes
  2642 | D:6      | Noticed Sigmund
  2667 | D:6      | Killed Sigmund
  2668 | D:6      | Reached skill level 5 in Fighting
  2668 | D:6      | Reached XP level 7. HP: 47/61 MP: 6/6
  2857 | D:5      | Entered Level 5 of the Dungeon
  3219 | D:5      | Reached skill level 7 in Axes
  3290 | D:5      | Found a glowing drain.
  3301 | D:5      | Reached skill level 5 in Shields
  3317 | Sewer    | Entered a sewer
  3401 | Sewer    | Reached XP level 8. HP: 48/70 MP: 7/7
  3714 | Sewer    | Identified the +1 plate armour "Soidgh" {rPois rF+ rC+
                  | Will-}
  3941 | D:5      | Reached skill level 8 in Axes
  4644 | D:5      | Identified the +0 ring mail of the Slightly Bent {+Blink
                  | Dex+3}
  4651 | D:5      | Reached skill level 9 in Axes
  4671 | D:5      | Found a snail-covered altar of Cheibriados.
  5113 | D:6      | Reached XP level 9. HP: 67/78 MP: 8/8
  5164 | D:6      | Found a stormy altar of Qazlal.
  5743 | D:7      | Found a staircase to the Ecumenical Temple.
  5748 | D:7      | Found a flagged portal.
  5758 | D:7      | Reached skill level 10 in Axes
  5950 | Bailey   | Entered a bailey
  6129 | Bailey   | Reached skill level 11 in Axes
  6226 | Bailey   | Noticed an orc warlord
  6243 | Bailey   | HP: 4/81 [orc warlord/+4 broad axe (11)]
  6244 | Bailey   | Mangled by an orc warlord

Illustrated notes

Levels and vault maps discovered:
D:1:      giann_horns, layout_basic, shapermc_ecumenical_altar_gd, serial_shops,
          nicolae_shop_stone
D:2:      layout_basic, kennysheep_generic_room_3, uniq_robin,
          uniq_crazy_yiuf_cottage
D:3:      minmay_skewed_foursquare, layout_rooms, ebering_ghost_gozag
D:4:      layout_basic
D:5:      layout_gridville, general_overflow_altar, gup_sewer_entry_glass,
          guppyfry_early_lair_pool
D:6:      layout_basic, nicolae_qazlal_style_of_elements, grunt_ministairs_4,
          st_stairs_3, minmay_fountain_box, roderic_lattice_a,
          chequers_serial_rivers_large_a, uniq_menkaure, uniq_sigmund
D:7:      layout_gridville, nzn_wu_jian_council_hall, minmay_temple_entry_tees,
          enter_bailey_5
Bailey:   bailey_axe_minmay_hex_keep, bailey

Skill      XL: |  1  2  3  4  5  6  7  8  9 |
---------------+----------------------------+-----
Armour         | 4 5 6 7 8 |  8.9
Shields        | 4 5 6 |  6.3
Fighting       | 4 5 6 7 |  7.9
Axes           | 3 4 5 6 7 9 11 | 11.6
Dodging        | 1 2 |  2.7
Throwing       | |  0.2
Stealth        | |  0.8

Action                     |  1- 3 |  4- 6 |  7- 9 || total
---------------------------+-------+-------+-------++-------
  Melee: War axe           |    97 |   104 |   317 ||   518
         Headbutt          |    24 |     9 |    50 ||    83
  Throw: Dart              |       |       |     2 ||     2
    Use: Potion            |       |     3 |     2 ||     5
         Scroll            |       |    10 |     2 ||    12
 Armour: Scale mail        |    44 |     4 |       ||    48
         Chain mail        |       |    70 |    91 ||   161
         Plate armour      |       |       |   141 ||   141
  Dodge: Dodged            |    51 |    51 |   141 ||   243
  Block: Buckler           |    20 |    23 |    56 ||    99

Table legend: (Time is in decaauts)
 A = Elapsed time spent in this place.
 B = Non-inter-level travel time spent in this place.
 C = Inter-level travel time spent in this place.
 D = Time resting spent in this place.
 E = Time spent auto-exploring this place.
 F = Levels seen in this place.
 G = Mean time per level.
                   A        B        C        D        E       F      G
               +--------+--------+--------+--------+--------+-----+--------+
         Total |   6422 |   6255 |    167 |    670 |   3661 |   9 |  713.6 |
       Dungeon |   5513 |   5346 |    167 |    570 |   3321 |   7 |  787.6 |
         Sewer |    617 |    617 |      0 |      0 |    339 |   1 |  617.0 |
        Bailey |    291 |    291 |      0 |    100 |      0 |   1 |  291.0 |
               +--------+--------+--------+--------+--------+-----+--------+

Top non-repeatable levels by time:
     D:6: 1463 daAuts
     D:5: 1126 daAuts
     D:1: 804 daAuts
     D:2: 664 daAuts
     D:3: 627 daAuts
   Sewer: 617 daAuts
     D:4: 496 daAuts
     D:7: 329 daAuts
  Bailey: 291 daAuts
